 Dungeon Crawl Stone Soup version 0.29-a0-321-gf1c400731a (webtiles) character file.

Game seed: 8118278530122116459

3229 Dabor the Blocker (level 9, -6/66 (68) HPs)
             Began as a Gnoll Wanderer on Apr 5, 2022.
             Was a Priest of Wu Jian.
             Mangled by a troll (15 damage)
             ... on level 9 of the Dungeon.
             The game lasted 00:13:24 (7724 turns).

Dabor the Blocker (Gnoll Wanderer)                  Turns: 7724, Time: 00:13:25

HP:   -6/66 (68)    AC:  9    Str: 12    XL:     9   Next: 98%
MP:   17/17         EV: 13    Int: 14    God:    Wu Jian [***...]
Gold: 642           SH: 17    Dex: 13    Spells: 12/19 levels left

rFire   . . .      SeeInvis .   u - +4 flail of Turmoil {vorpal, *Noise rElec rPois}
rCold   . . .      Faith    .   c - +2 buckler
rNeg    . . .      Spirit   .   e - +0 robe
rPois   +          Reflect  +   (no helmet)
rElec   +          Harm     .   r - +2 cloak {Stlth+}
rCorr   .          Rampage  .   x - +2 pair of gloves
Will    .....      Clarity  +   (no boots)
Stlth   ++++......              p - amulet of reflection
HPRegen 0.21/turn               (no ring)
MPRegen 0.15/turn               (no ring)

@: exhausted, lightly drained
A: fangs 1, strong nose, distributed training, large bone plates 1, clarity,
shaggy fur 1
a: Renounce Religion, Wall Jump, Serpent's Lash


You were on level 9 of the Dungeon.
You worshipped Wu Jian.
Wu Jian was most pleased with you.
You visited 1 branch of the dungeon, and saw 9 of its levels.
You also visited: Sewer.

You collected 642 gold pieces.

Inventory:

Hand Weapons
 a - a +1 dagger
 u - the +4 flail of Turmoil (weapon) {vorpal, *Noise rElec rPois}
   (You found it on level 6 of the Dungeon)

   It inflicts extra damage upon your enemies.
   rElec:     It insulates you from electricity.
   rPois:     It protects you from poison.
   *Noise:    It may make noises in combat.
 v - a +1 flail of protection
Missiles
 g - 3 poisoned darts
 l - 2 boomerangs
 s - a throwing net
Armour
 c - a +2 buckler (worn)
 e - a +0 robe (worn)
 r - a +2 cloak of stealth (worn)
 x - a +2 pair of gloves (worn)
Magical Staves
 k - a staff of conjuration
Jewellery
 p - an amulet of reflection (around neck)
 t - a ring of ice
Scrolls
 b - a scroll of torment {unknown}
 d - a scroll of fog
 f - a scroll of brand weapon {unknown}
 h - 2 scrolls of teleportation
 i - a scroll of blinking
 j - a scroll of holy word
 m - 2 scrolls of silence
 o - a scroll of immolation
Potions
 n - a potion of mutation
 q - 2 potions of flight


   Skills:
 + Level 5.4 Fighting
 + Level 4.7 Short Blades
 + Level 4.7 Long Blades
 + Level 4.7 Axes
 + Level 4.7 Maces & Flails
 + Level 4.7 Polearms
 + Level 4.7 Staves
 + Level 4.7 Slings
 + Level 4.7 Bows
 + Level 4.7 Crossbows
 + Level 5.4 Throwing
 + Level 4.7 Armour
 + Level 4.7 Dodging
 + Level 6.4 Stealth
 + Level 8.2 Shields
 + Level 4.7 Unarmed Combat
 + Level 5.6 Spellcasting
 + Level 5.5 Conjurations
 + Level 3.9 Hexes
 + Level 3.9 Summonings
 + Level 3.9 Necromancy
 + Level 3.9 Translocations
 + Level 3.9 Transmutations
 + Level 3.9 Fire Magic
 + Level 3.9 Ice Magic
 + Level 3.9 Air Magic
 + Level 3.9 Earth Magic
 + Level 3.9 Poison Magic
 + Level 5.2 Invocations
 + Level 4.7 Evocations


You had 12 spell levels left.
You knew the following spells:

 Your Spells              Type           Power      Damage    Failure   Level
a - Foxfire               Conj/Fire      68%        2x1d7     3%          1
b - Mephitic Cloud        Conj/Pois/Air  16%        N/A       10%         3
c - Tukima's Dance        Hex            14%        N/A       12%         3

Your spell library contained the following spells:

 Spells                   Type           Power      Damage    Failure   Level
 Call Canine Familiar     Summ           14%        N/A       12%         3
 Portal Projectile        Hex/Tloc       28%        N/A       12%         3
 Anguish                  Hex/Necr       7%         N/A       36%         4
 Cause Fear               Hex            7%         N/A       36%         4
 Leda's Liquefaction      Hex/Erth       7%         N/A       36%         4
 Dragon Form              Tmut           7%         N/A       100%        7
 Enfeeble                 Hex            7%         N/A       100%        7
 Dragon's Call            Summ           7%         N/A       100%        9


Dungeon Overview and Level Annotations

Branches:
Dungeon (9/15)             Temple (0/1) D:6           Sewer (visited)
   Lair: D:8-11         Orc: D:9-12

Altars:
Hepliaklqana
Qazlal
Ru
Wu Jian
Xom
Yredelemnul

Portals:
Abyss: D:6
Bailey: D:9

Annotations:
D:6 2 transporters, Miritol's ghost, novice KoBe
D:7 exclusion: ice statue


Innate Abilities, Weirdness & Mutations

You have very sharp teeth.
Your uncanny sense of smell can sniff out nearby items.
Your experience applies equally to all skills.
You are partially covered in large bone plates. (SH +4)
You possess an exceptional clarity of mind.
You are covered in fur. (AC +1)


Message History

The troll is heavily wounded.
You block the troll's attack. x3
You barely miss the troll.
The troll is heavily wounded.
The troll bites you! You block the troll's attack. x2
The troll bites you but does no damage. You block the troll's attack.
The troll claws you.
You hit the troll.
The troll is severely wounded.
The troll bites you.
* * * LOW HITPOINT WARNING * * *
You block the troll's attack. x2
You feel better. You block the troll's attack. The troll completely misses you.
The troll claws you.
* * * LOW HITPOINT WARNING * * *
Your muscles tense, ready for explosive movement...
Found a flagged portal.
You spin to attack the troll, but your attack speed is too slow for a blow to land.
You spin and attack the troll, with incredible momentum.
You hit the troll.
The troll is severely wounded.
Your supernatural speed expires.
You closely miss the troll.
The troll is severely wounded.
The troll bites you but does no damage. You block the troll's attack.
The troll claws you but does no damage.
You hit the troll but do no damage.
The troll is severely wounded.
You block the troll's attack.
The troll claws you but does no damage. x2
You hit the troll.
The troll is almost dead.
The troll bites you.
* * * LOW HITPOINT WARNING * * *
The troll claws you!
* * * LOW HITPOINT WARNING * * *
You block the troll's attack.
You completely miss the troll.
The troll is almost dead.
The troll bites you!
You die...

8.# #.#.#.. .
8.#.#.# .# ..
#.#.#.##.##..
#.8.#........ . #
#∩#.#........
...#.#8#.#........
.......T@.........
#.................
#.........<.......
..................
#.....##...#..#...
#..... ######## ##
...... .©... ####.


You could see a troll.

Vanquished Creatures
  Psyche (D:8)
  A hornet (D:8)
  3 yaks (D:6)
  A water moccasin (D:6)
  Edmund (D:6)
  Pargi (Sewer)
  An orc warrior (D:8)
  2 ice beasts
  A black bear (D:6)
  An ogre (D:3)
  2 phantoms
  A scorpion (D:6)
  2 bullfrogs (D:7)
  12 wights
  3 killer bees (D:7)
  A hound (D:6)
  3 jellies (D:6)
  A gnoll shaman (D:8)
  3 orc priests
  2 iguanas (D:7)
  2 orc wizards
  4 gnolls (D:8)
  4 adders
  A shadow imp (D:5)
  2 dart slugs
  22 orcs
  9 ball pythons
  5 bats
  3 endoplasms
  5 giant cockroaches
  3 goblins
  5 hobgoblins
  10 jackals
  4 quokkas
  3 frilled lizards
  6 kobolds
  2 rats
133 creatures vanquished.

Vanquished Creatures (others)
  74 foxfires
  A fungus (D:1)
75 creatures vanquished.

Grand Total: 208 creatures vanquished

Notes
Turn   | Place    | Note
-------+----------+-------------------------------------------
     0 | D:1      | Dabor the Gnoll Wanderer began the quest for the Orb.
     0 | D:1      | Dabor set off with the following items: a +0 dagger, 8
                  | boomerangs, a +2 buckler, a scroll of fog, a +0 robe; and
                  | the following spell memorised: Foxfire; and the following
                  | spells available to memorise: Mephitic Cloud
     0 | D:1      | Reached XP level 1. HP: 17/17 MP: 4/4
   319 | D:1      | Found a faded altar of an unknown god.
   357 | D:1      | Reached XP level 2. HP: 17/23 MP: 5/5
   388 | D:1      | Prayed at the altar of an unknown god.
   388 | D:1      | Became a worshipper of the Wu Jian Council
   388 | D:1      | Reached * piety under Wu Jian
  1078 | D:2      | Reached XP level 3. HP: 23/28 MP: 7/7
  1719 | D:3      | Found a basalt altar of Yredelemnul.
  1744 | D:3      | Reached skill level 1 in Invocations
  1875 | D:3      | Noticed an ogre
  1916 | D:3      | Reached ** piety under Wu Jian
  2022 | D:3      | Killed an ogre
  2023 | D:3      | Reached skill level 1 in Short Blades
  2023 | D:3      | Reached skill level 1 in Long Blades
  2023 | D:3      | Reached skill level 1 in Axes
  2023 | D:3      | Reached skill level 1 in Maces & Flails
  2023 | D:3      | Reached skill level 1 in Polearms
  2023 | D:3      | Reached skill level 1 in Staves
  2023 | D:3      | Reached skill level 1 in Slings
  2023 | D:3      | Reached skill level 1 in Bows
  2023 | D:3      | Reached skill level 1 in Crossbows
  2023 | D:3      | Reached skill level 1 in Armour
  2023 | D:3      | Reached skill level 1 in Dodging
  2023 | D:3      | Reached skill level 1 in Unarmed Combat
  2023 | D:3      | Reached skill level 1 in Hexes
  2023 | D:3      | Reached skill level 1 in Summonings
  2023 | D:3      | Reached skill level 1 in Necromancy
  2023 | D:3      | Reached skill level 1 in Translocations
  2023 | D:3      | Reached skill level 1 in Transmutations
  2023 | D:3      | Reached skill level 1 in Fire Magic
  2023 | D:3      | Reached skill level 1 in Ice Magic
  2023 | D:3      | Reached skill level 1 in Air Magic
  2023 | D:3      | Reached skill level 1 in Earth Magic
  2023 | D:3      | Reached skill level 1 in Poison Magic
  2023 | D:3      | Reached skill level 1 in Evocations
  2023 | D:3      | Reached XP level 4. HP: 34/34 MP: 5/8
  2023 | D:3      | Reached XP level 5. HP: 40/40 MP: 5/9
  2741 | D:4      | Noticed a black bear
  2800 | D:4      | You fall into a shaft and drop 1 floor!
  2800 | D:5      | Entered Level 5 of the Dungeon
  2853 | D:5      | Found a sacrificial altar of Ru.
  3295 | D:5      | Noticed a phantom
  3332 | D:5      | Killed a phantom
  3333 | D:5      | Reached XP level 6. HP: 38/47 MP: 9/11
  3682 | D:6      | Found a glowing drain.
  3685 | D:6      | Noticed a black bear
  3693 | D:6      | Killed a black bear
  3721 | D:6      | Reached XP level 7. HP: 23/52 MP: 12/12
  3755 | Sewer    | Entered a sewer
  4002 | Sewer    | Noticed Pargi
  4030 | Sewer    | Killed Pargi
  4031 | Sewer    | Reached skill level 7 in Shields
  4311 | Sewer    | Reached *** piety under Wu Jian
  4501 | D:6      | Reached skill level 5 in Stealth
  4675 | D:6      | Noticed a yak
  4675 | D:6      | Noticed a yak
  4676 | D:6      | Noticed a yak
  4677 | D:6      | Gained mutation: You are covered in fur. (AC +1) [potion of
                  | mutation]
  4677 | D:6      | Gained mutation: You are partially covered in large bone
                  | plates. (SH +4) [potion of mutation]
  4677 | D:6      | Gained mutation: You possess an exceptional clarity of
                  | mind. [potion of mutation]
  4682 | D:6      | Killed a yak
  4683 | D:6      | Reached XP level 8. HP: 60/60 MP: 12/14
  4688 | D:6      | Killed a yak
  4701 | D:6      | Killed a yak
  4810 | D:6      | Found a transporter.
  4840 | D:6      | Identified the +4 flail of Turmoil {vorpal, *Noise rElec
                  | rPois}
  5170 | D:6      | Found a transporter.
  5176 | D:6      | Noticed a toenail golem
  5182 | D:6      | Found a one-way gate to the infinite horrors of the Abyss.
  5182 | D:6      | Noticed Miritol's ghost (novice KoBe)
  5252 | D:6      | Noticed Edmund
  5281 | D:6      | Killed Edmund
  5433 | D:6      | Found a staircase to the Ecumenical Temple.
  5567 | D:7      | Found a hazy altar of Hepliaklqana.
  5614 | D:7      | Found a stormy altar of Qazlal.
  5657 | D:7      | Reached XP level 9. HP: 66/66 MP: 9/16
  5661 | D:7      | Learned a level 3 spell: Mephitic Cloud
  5665 | D:7      | Learned a level 3 spell: Tukima's Dance
  5671 | D:7      | Reached skill level 5 in Conjurations
  5736 | D:7      | Reached skill level 5 in Spellcasting
  6241 | D:7      | Noticed an ice statue
  6614 | D:8      | Found a shimmering altar of Xom.
  6654 | D:8      | Reached skill level 5 in Fighting
  6654 | D:8      | Reached skill level 5 in Throwing
  6885 | D:8      | Reached skill level 8 in Shields
  6983 | D:8      | Noticed a hornet
  6988 | D:8      | Noticed Psyche
  6995 | D:8      | Paralysed by a hornet for 3 turns
  7005 | D:8      | Killed a hornet
  7021 | D:8      | Killed Psyche
  7022 | D:8      | Reached skill level 5 in Invocations
  7706 | D:9      | Noticed a troll
  7721 | D:9      | Found a flagged portal.
  7724 | D:9      | Mangled by a troll

Illustrated notes

Levels and vault maps discovered:
D:1:      dpeg_arrival_lava_temple_mockup, layout_basic,
          shapermc_ecumenical_altar_mp_ritualfount
D:2:      layout_basic
D:3:      layout_rooms, yredelemnul_altar_generic, serial_aquarium,
          aquarium_bridge_island_small [aquarium_subvault_small_water,
          aquarium_subvault_bridge, aquarium_subvault_wall,
          aquarium_subvault_window, aquarium_subvault_window],
          aquarium_window_1, aquarium_window_fake, aquarium_view_2d,
          aquarium_view_2d, aquarium_balcony_3a
D:4:      layout_basic, makhleb_altar_promises_db, marbit_many_paths,
          nicolae_wu_jian_wuxing_cycle, gammafunk_ghost_grave, uniq_natasha,
          uniq_sigmund, uniq_ijyb, uniq_crazy_yiuf_cottage
D:5:      layout_basic, overflow_temple_1_default
D:6:      layout_basic, minmay_temple_entry_offerings, gup_sewer_entry_glass,
          gammafunk_ghost_abyssal_escape, uniq_edmund
D:7:      lemuel_ice_statue, layout_layer_cave, mainiacjoe_overflow_catwalk,
          nzn_hepliaklqana_mist_gate
D:8:      layout_basic, old_standard_altar, hangedman_abyss_or_decor_stagger,
          uniq_psyche
D:9:      layout_gridville, dpeg_lair_monsters, enter_bailey_8,
          gammafunk_ghost_wrathful_warriors, uniq_erolcha

Skill      XL: |  1  2  3  4  5  6  7  8  9 |
---------------+----------------------------+-----
Invocations    | 1 2 3 4 5 |  5.2
Short Blades   | 1 2 3 4 |  4.7
Long Blades    | 1 2 3 4 |  4.7
Axes           | 1 2 3 4 |  4.7
Maces & Flails | 1 2 3 4 |  4.7
Polearms       | 1 2 3 4 |  4.7
Staves         | 1 2 3 4 |  4.7
Slings         | 1 2 3 4 |  4.7
Bows           | 1 2 3 4 |  4.7
Crossbows      | 1 2 3 4 |  4.7
Armour         | 1 2 3 4 |  4.7
Dodging        | 1 2 3 4 |  4.7
Unarmed Combat | 1 2 3 4 |  4.7
Spellcasting   | 3 4 5 |  5.6
Hexes          | 1 2 3 |  3.9
Summonings     | 1 2 3 |  3.9
Necromancy     | 1 2 3 |  3.9
Translocations | 1 2 3 |  3.9
Transmutations | 1 2 3 |  3.9
Fire Magic     | 1 2 3 |  3.9
Ice Magic      | 1 2 3 |  3.9
Air Magic      | 1 2 3 |  3.9
Earth Magic    | 1 2 3 |  3.9
Poison Magic   | 1 2 3 |  3.9
Evocations     | 1 2 3 4 |  4.7
Fighting       | 3 4 5 |  5.4
Throwing       | 3 4 5 |  5.4
Conjurations   | 4 5 |  5.5
Shields        | 7 8 |  8.2
Stealth        | 5 6 |  6.4

Action                   |  1- 3 |  4- 6 |  7- 9 || total
-------------------------+-------+-------+-------++-------
Melee: Dagger            |    24 |   178 |       ||   202
       Bite              |     2 |    17 |    30 ||    49
       Flail             |       |    37 |   338 ||   375
Throw: Boomerang         |   112 |    10 |       ||   122
       Dart              |     5 |     2 |     2 ||     9
 Cast: Foxfire           |     2 |       |    39 ||    41
       Mephitic Cloud    |       |       |     3 ||     3
       Tukima's Dance    |       |       |     3 ||     3
Invok: Whirlwind         |    12 |    65 |   102 ||   179
       Lunge             |       |     8 |    18 ||    26
       Serpent's Lash    |       |       |     2 ||     2
 Abil: Wall Jump         |       |     5 |     1 ||     6
  Use: Scroll            |     3 |     5 |     4 ||    12
       Potion            |     2 |       |     9 ||    11
 Stab: Sleeping          |     1 |     2 |     4 ||     7
Armor: Robe              |    11 |    29 |    67 ||   107
       Skin              |       |       |    16 ||    16
Dodge: Dodged            |    31 |    82 |   107 ||   220
Block: Buckler           |    42 |   127 |   292 ||   461
       Reflection        |       |       |     2 ||     2

Table legend: (Time is in decaauts)
 A = Elapsed time spent in this place.
 B = Non-inter-level travel time spent in this place.
 C = Inter-level travel time spent in this place.
 D = Time resting spent in this place.
 E = Time spent auto-exploring this place.
 F = Levels seen in this place.
 G = Mean time per level.
                   A        B        C        D        E       F      G
               +--------+--------+--------+--------+--------+-----+--------+
         Total |   7888 |   7568 |    320 |   1286 |   4800 |  10 |  788.8 |
       Dungeon |   7114 |   6794 |    320 |   1046 |   4408 |   9 |  790.4 |
         Sewer |    773 |    773 |      0 |    240 |    392 |   1 |  773.0 |
               +--------+--------+--------+--------+--------+-----+--------+

Top non-repeatable levels by time:
     D:8: 1426 daAuts
     D:6: 1225 daAuts
     D:3: 1028 daAuts
     D:1: 893 daAuts
     D:2: 873 daAuts
     D:5: 858 daAuts
   Sewer: 773 daAuts
     D:7: 756 daAuts
     D:4: 32 daAuts
     D:9: 20 daAuts
